[ AOE2 MATCH · #457487561 ]
UnrankedTurks vs Britons
[ REPLAY ANALYSIS · EXTRACTED FROM THE RECORDED GAME ]
Feudal
10:27
Castle
22:34
Imperial
33:59
| APM avg | 15.3 |
| APM peak | 49 |
| eAPM avg | 10.0 |
| Villagers / military | 82 / 254 |
Focus
⚔️ 24.6% · 🌾 75.4%
Militia ×115 · Janissary ×96 · Bombard Cannon ×42 · Fishing Ship ×12 · Trade Cart ×10 · Monk ×1
Feudal
12:51
Castle
22:42
Imperial
33:01
| APM avg | 14.7 |
| APM peak | 90 |
| eAPM avg | 10.1 |
| Villagers / military | 53 / 285 |
Focus
⚔️ 60.5% · 🌾 39.5%
Longbowman ×280 · Trade Cart ×12 · Trebuchet (Packed) ×5
Feudal
15:34
Castle
25:35
Imperial
39:15
| APM avg | 13.7 |
| APM peak | 67 |
| eAPM avg | 10.8 |
| Villagers / military | 55 / 212 |
Focus
⚔️ 51.3% · 🌾 48.7%
Archer ×167 · Spearman ×36 · Monk ×6 · Trade Cart ×6 · Battering Ram ×3
Feudal
12:04
Castle
25:59
Imperial
36:20
| APM avg | 32.3 |
| APM peak | 102 |
| eAPM avg | 17.7 |
| Villagers / military | 76 / 449 |
Focus
⚔️ 53.1% · 🌾 46.9%
Skirmisher ×310 · Chu Ko Nu ×95 · Battering Ram ×17 · Trade Cart ×11 · Fire Lancer ×9 · Archer ×8
Feudal
11:23
Castle
23:27
Imperial
33:43
| APM avg | 14.4 |
| APM peak | 42 |
| eAPM avg | 11.7 |
| Villagers / military | 157 / 150 |
Focus
⚔️ 22.7% · 🌾 77.3%
Camel Scout ×70 · Spearman ×38 · Skirmisher ×30 · Trebuchet (Packed) ×10 · Monk ×2 · Trade Cart ×2
Feudal
11:18
Castle
18:58
Imperial
31:53
| APM avg | 15.9 |
| APM peak | 43 |
| eAPM avg | 9.7 |
| Villagers / military | 87 / 194 |
Focus
⚔️ 28.4% · 🌾 71.6%
Spearman ×126 · Longbowman ×61 · Trebuchet (Packed) ×7 · Trade Cart ×5
Match map
Initial resources + every placement click. Lines = walls · curves = elevation contours. ◆ gold · ⬟ stone · ● berries · ✦ relic · ◌ wall gap
Your base· ✓ Closed at 22:34 · 0t walls · no gate
Lanyco's base· ✓ Closed at 22:42 · 28t walls · 1 gate(s)
Tosti133's base· ✓ Closed at 25:35 · 15t walls · 1 gate(s)
Grisou's base· ✓ Closed at 25:59 · 27t walls · 1 gate(s)
lopez.miguel2908's base· ✓ Closed at 23:27 · 51t walls · 2 gate(s)
Oura's base· ✓ Closed at 18:58 · 20t walls · 1 gate(s)
Smoothed initial terrain · ◌ = detected wall gap · hover for details
Inputs per minute
— joy - - Lanyco
Build order — joy
First 150 of 324 actions detected
| 0:07 | Build | House |
| 0:08 | Build | House |
| 0:09 | Build | House |
| 0:11 | Build | House |
| 0:14 | Create | Villager (Male) ×4 |
| 2:10 | Build | Mill |
| 2:13 | Create | Villager (Male) ×2 |
| 2:13 | Create | Villager (Male) ×2 |
| 2:44 | Create | Villager (Male) |
| 3:06 | Create | Villager (Male) |
| 3:29 | Create | Villager (Male) |
| 3:29 | Create | Villager (Male) |
| 3:50 | Create | Villager (Male) |
| 4:06 | Create | Villager (Male) |
| 4:22 | Create | Villager (Male) |
| 4:43 | Create | Villager (Male) |
| 5:44 | Create | Villager (Male) |
| 6:10 | Create | Villager (Male) |
| 6:10 | Create | Villager (Male) |
| 6:10 | Create | Villager (Male) |
| 6:34 | Build | Lumber Camp |
| 8:00 | Build | Dock |
| 8:17 | Research | Feudal Age |
| 8:57 | Build | Farm |
| 8:58 | Build | Farm |
| 8:59 | Build | Farm |
| 9:01 | Build | Farm |
| 9:02 | Build | Farm |
| 9:03 | Build | Farm |
| 9:08 | Build | Farm |
| 9:46 | Build | Farm |
| 10:01 | Build | Farm |
| 10:09 | Create | Villager (Male) |
| 10:09 | Create | Villager (Male) |
| 10:10 | Create | Villager (Male) |
| 10:23 | Create | Villager (Male) |
| 10:27 | Age | Feudal Age |
| 10:39 | Research | Double-Bit Axe |
| 10:55 | Research | Horse Collar |
| 11:15 | Create | Fishing Ship |
| 11:32 | Build | House |
| 11:33 | Build | House |
| 11:35 | Build | House |
| 11:42 | Create | Villager (Male) |
| 11:43 | Create | Villager (Male) |
| 11:59 | Build | Mining Camp |
| 12:28 | Research | Tech 906 |
| 12:38 | Create | Villager (Male) |
| 12:38 | Create | Villager (Male) |
| 13:05 | Build | Market |
| 13:24 | Build | Mining Camp |
| 13:30 | Create | Villager (Male) |
| 13:50 | Create | Villager (Male) |
| 13:51 | Create | Villager (Male) |
| 14:40 | Research | Gold Mining |
| 14:57 | Create | Villager (Male) |
| 14:57 | Create | Villager (Male) |
| 14:58 | Create | Villager (Male) |
| 15:49 | Build | Blacksmith |
| 15:52 | Build | House |
| 15:54 | Build | House |
| 15:55 | Build | House |
| 15:56 | Build | House |
| 15:57 | Build | House |
| 16:00 | Build | House |
| 16:24 | Research | Loom |
| 16:33 | Create | Villager (Male) |
| 16:33 | Create | Villager (Male) |
| 16:43 | Build | Farm |
| 16:51 | Research | Stone Mining |
| 17:07 | Create | Fishing Ship |
| 17:07 | Create | Fishing Ship |
| 17:07 | Create | Fishing Ship |
| 17:10 | Create | Fishing Ship |
| 18:31 | Build | Farm |
| 18:32 | Build | Farm |
| 18:42 | Create | Villager (Male) |
| 19:13 | Build | Barracks |
| 19:21 | Build | Farm |
| 19:38 | Create | Trade Cart |
| 19:38 | Create | Trade Cart |
| 19:54 | Research | Castle Age |
| 20:17 | Create | Villager (Male) |
| 20:18 | Create | Villager (Male) |
| 20:18 | Create | Villager (Male) |
| 20:43 | Build | Mining Camp |
| 21:03 | Research | Wheelbarrow |
| 21:14 | Research | Padded Archer Armor |
| 21:14 | Research | Fletching |
| 21:20 | Research | Man-at-Arms (upgrade) |
| 21:33 | Build | Farm |
| 22:34 | Age | Castle Age |
| 22:40 | Research | Heavy Plow |
| 23:18 | Build | Farm |
| 23:59 | Research | Bow Saw |
| 24:53 | Build | Castle |
| 25:03 | Create | Villager (Male) |
| 25:03 | Create | Villager (Male) |
| 25:14 | Build | Fish Trap |
| 25:36 | Build | Town Center |
| 25:51 | Build | Fish Trap |
| 26:03 | Build | Fish Trap |
| 26:13 | Build | Fish Trap |
| 26:20 | Create | Villager (Male) |
| 26:20 | Create | Villager (Male) |
| 26:21 | Create | Villager (Male) |
| 26:21 | Create | Villager (Male) |
| 26:21 | Create | Villager (Male) |
| 26:21 | Create | Villager (Male) |
| 26:46 | Build | Lumber Camp |
| 27:13 | Build | Fish Trap |
| 27:30 | Build | Lumber Camp |
| 27:43 | Build | Farm |
| 27:48 | Build | Farm |
| 27:50 | Build | Farm |
| 27:54 | Create | Villager (Male) |
| 27:54 | Create | Villager (Male) |
| 27:55 | Create | Villager (Male) |
| 27:55 | Create | Villager (Male) |
| 27:55 | Create | Villager (Male) |
| 27:55 | Create | Villager (Male) |
| 27:59 | Create | Villager (Male) |
| 28:00 | Create | Villager (Male) |
| 28:30 | Build | Monastery |
| 28:51 | Build | University |
| 29:03 | Research | Caravan |
| 29:04 | Create | Trade Cart |
| 29:16 | Build | Farm |
| 29:26 | Create | Monk |
| 29:34 | Research | Gold Shaft Mining |
| 29:41 | Build | Farm |
| 29:44 | Create | Villager (Male) |
| 29:44 | Create | Villager (Male) |
| 29:45 | Create | Villager (Male) |
| 29:45 | Create | Villager (Male) |
| 29:45 | Create | Villager (Male) |
| 29:45 | Create | Villager (Male) |
| 29:50 | Create | Villager (Male) |
| 29:55 | Research | Hand Cart |
| 29:57 | Research | Imperial Age |
| 30:05 | Build | Farm |
| 30:18 | Build | Barracks |
| 30:21 | Build | Barracks |
| 30:31 | Build | Mining Camp |
| 30:48 | Build | Castle |
| 31:04 | Build | Farm |
| 31:06 | Build | Farm |
| 31:15 | Create | Villager (Male) |
| 31:34 | Build | Siege Workshop |
| 31:39 | Build | Siege Workshop |
Build order — Lanyco
First 150 of 463 actions detected
| 0:25 | Create | Villager (Male) |
| 0:25 | Research | Loom |
| 0:26 | Create | Villager (Male) |
| 0:26 | Create | Villager (Male) |
| 0:26 | Create | Villager (Male) |
| 0:55 | Build | House |
| 1:07 | Build | Palisade Wall |
| 2:19 | Create | Villager (Male) |
| 2:19 | Create | Villager (Male) |
| 3:02 | Build | House |
| 3:08 | Build | House |
| 3:21 | Build | House |
| 3:23 | Build | House |
| 3:25 | Build | House |
| 3:43 | Create | Villager (Male) |
| 3:44 | Create | Villager (Male) |
| 3:44 | Create | Villager (Male) |
| 5:19 | Create | Villager (Male) |
| 5:19 | Create | Villager (Male) |
| 5:19 | Create | Villager (Male) |
| 5:19 | Create | Villager (Male) |
| 5:20 | Create | Villager (Male) |
| 6:43 | Create | Villager (Male) |
| 6:43 | Create | Villager (Male) |
| 7:39 | Build | Mill |
| 8:04 | Create | Villager (Male) |
| 8:05 | Create | Villager (Male) |
| 8:05 | Create | Villager (Male) |
| 8:05 | Create | Villager (Male) |
| 8:50 | Build | Lumber Camp |
| 10:05 | Create | Villager (Male) |
| 10:41 | Research | Feudal Age |
| 12:21 | Create | Villager (Male) |
| 12:21 | Create | Villager (Male) |
| 12:21 | Create | Villager (Male) |
| 12:51 | Age | Feudal Age |
| 12:52 | Research | Double-Bit Axe |
| 12:56 | Research | Horse Collar |
| 13:16 | Create | Villager (Male) |
| 13:16 | Create | Villager (Male) |
| 13:33 | Build | Market |
| 13:52 | Build | Blacksmith |
| 14:01 | Build | Mining Camp |
| 14:22 | Build | Gate |
| 14:32 | Build | Stone Wall |
| 15:15 | Build | Farm |
| 15:16 | Build | Farm |
| 15:18 | Build | Farm |
| 15:18 | Build | Farm |
| 15:20 | Build | Farm |
| 15:25 | Create | Villager (Male) |
| 15:25 | Create | Villager (Male) |
| 15:25 | Create | Villager (Male) |
| 15:26 | Create | Villager (Male) |
| 16:00 | Build | Farm |
| 16:06 | Build | Farm |
| 16:25 | Build | Farm |
| 16:38 | Build | Farm |
| 16:43 | Create | Villager (Male) |
| 16:43 | Create | Villager (Male) |
| 17:21 | Build | Mining Camp |
| 17:31 | Create | Villager (Male) |
| 17:31 | Create | Villager (Male) |
| 17:31 | Create | Villager (Male) |
| 17:31 | Create | Villager (Male) |
| 17:32 | Create | Villager (Male) |
| 17:52 | Build | Outpost |
| 18:11 | Build | Outpost |
| 18:36 | Build | Outpost |
| 19:19 | Build | House |
| 19:25 | Build | House |
| 19:27 | Build | House |
| 19:30 | Build | House |
| 19:32 | Build | House |
| 19:34 | Build | House |
| 19:53 | Build | Farm |
| 19:53 | Build | Farm |
| 19:53 | Build | Farm |
| 19:54 | Build | Farm |
| 20:02 | Research | Castle Age |
| 20:14 | Research | Gold Mining |
| 20:18 | Research | Stone Mining |
| 21:49 | Create | Trade Cart |
| 21:50 | Create | Trade Cart |
| 21:51 | Create | Trade Cart |
| 22:41 | Build | Palisade Gate |
| 22:42 | Age | Castle Age |
| 22:55 | Research | Caravan |
| 22:57 | Create | Trade Cart |
| 22:57 | Create | Trade Cart |
| 22:58 | Create | Trade Cart |
| 23:02 | Create | Villager (Male) |
| 23:02 | Create | Villager (Male) |
| 23:02 | Create | Villager (Male) |
| 23:03 | Create | Villager (Male) |
| 23:03 | Create | Villager (Male) |
| 23:06 | Research | Heavy Plow |
| 23:25 | Research | Bow Saw |
| 24:05 | Build | Mining Camp |
| 24:28 | Build | Castle |
| 25:16 | Build | House |
| 25:19 | Build | House |
| 25:20 | Build | House |
| 25:23 | Build | House |
| 25:25 | Build | House |
| 25:27 | Build | House |
| 26:20 | Research | Town Watch |
| 26:21 | Research | Wheelbarrow |
| 27:10 | Create | Villager (Male) |
| 27:11 | Create | Villager (Male) |
| 27:11 | Create | Villager (Male) |
| 27:44 | Build | Farm |
| 27:44 | Build | Farm |
| 27:45 | Build | Farm |
| 27:45 | Build | Farm |
| 29:11 | Build | Mining Camp |
| 29:26 | Build | Palisade Wall |
| 29:51 | Research | Imperial Age |
| 30:34 | Build | Lumber Camp |
| 30:41 | Research | Gold Shaft Mining |
| 31:28 | Build | Farm |
| 32:42 | Build | Castle |
| 33:01 | Age | Imperial Age |
| 33:08 | Create | Villager (Male) |
| 33:08 | Create | Villager (Male) |
| 33:08 | Create | Villager (Male) |
| 33:08 | Create | Villager (Male) |
| 33:09 | Create | Villager (Male) |
| 33:09 | Create | Villager (Male) |
| 33:10 | Create | Villager (Male) |
| 33:12 | Create | Villager (Male) |
| 33:31 | Build | Castle |
| 33:42 | Build | University |
| 34:03 | Build | House |
| 34:05 | Build | House |
| 34:06 | Build | House |
| 34:07 | Build | House |
| 34:08 | Build | House |
| 34:10 | Build | House |
| 34:11 | Build | House |
| 34:32 | Build | Mining Camp |
| 34:38 | Research | Two-Man Saw |
| 34:50 | Create | Trade Cart |
| 34:50 | Create | Trade Cart |
| 34:50 | Create | Trade Cart |
| 35:05 | Research | Ballistics |
| 35:06 | Research | Chemistry |
| 35:23 | Build | Castle |
| 36:39 | Build | House |
| 36:40 | Build | House |
Build order — Tosti133
First 150 of 388 actions detected
| 0:08 | Build | House |
| 0:13 | Create | Villager (Male) |
| 0:13 | Create | Villager (Male) |
| 0:13 | Create | Villager (Male) |
| 1:17 | Build | House |
| 1:22 | Build | House |
| 1:24 | Build | House |
| 1:31 | Build | House |
| 1:35 | Build | House |
| 1:39 | Build | House |
| 1:42 | Build | House |
| 1:58 | Create | Villager (Male) |
| 2:46 | Create | Villager (Male) |
| 3:22 | Create | Villager (Male) |
| 3:52 | Create | Villager (Male) |
| 4:22 | Create | Villager (Male) |
| 4:47 | Create | Villager (Male) |
| 5:00 | Create | Villager (Male) |
| 5:55 | Create | Villager (Male) |
| 5:55 | Create | Villager (Male) |
| 6:08 | Create | Villager (Male) |
| 6:34 | Create | Villager (Male) |
| 7:15 | Create | Villager (Male) |
| 7:15 | Create | Villager (Male) |
| 7:31 | Build | Mill |
| 8:36 | Create | Villager (Male) |
| 8:55 | Create | Villager (Male) |
| 9:25 | Build | Lumber Camp |
| 10:04 | Create | Villager (Male) |
| 10:04 | Create | Villager (Male) |
| 10:05 | Create | Villager (Male) |
| 10:45 | Create | Villager (Male) |
| 10:53 | Create | Villager (Male) |
| 11:00 | Create | Villager (Male) |
| 11:20 | Create | Villager (Male) |
| 11:20 | Create | Villager (Male) |
| 12:12 | Research | Feudal Age |
| 13:50 | Create | Villager (Male) |
| 13:51 | Create | Villager (Male) |
| 14:39 | Create | Villager (Male) |
| 15:10 | Create | Villager (Male) |
| 15:34 | Age | Feudal Age |
| 15:35 | Research | Wheelbarrow |
| 15:44 | Create | Villager (Male) |
| 15:44 | Create | Villager (Male) |
| 15:47 | Research | Horse Collar |
| 15:52 | Research | Double-Bit Axe |
| 15:54 | Create | Villager (Male) |
| 16:32 | Create | Villager (Male) |
| 17:22 | Build | Barracks |
| 18:01 | Create | Villager (Male) |
| 18:12 | Build | Mining Camp |
| 18:15 | Create | Villager (Male) |
| 18:25 | Build | Archery Range |
| 18:30 | Build | Archery Range |
| 18:36 | Build | Archery Range |
| 18:49 | Build | House |
| 18:53 | Build | House |
| 18:57 | Build | House |
| 19:01 | Build | House |
| 19:06 | Create | Villager (Male) |
| 19:28 | Build | Mining Camp |
| 19:41 | Build | Stone Wall |
| 19:47 | Build | Gate |
| 20:09 | Create | Villager (Male) |
| 20:50 | Create | Villager (Male) |
| 20:50 | Create | Villager (Male) |
| 21:12 | Build | Archery Range |
| 21:27 | Build | Farm |
| 21:31 | Build | Farm |
| 21:35 | Build | Farm |
| 21:40 | Build | Farm |
| 21:43 | Build | Farm |
| 21:57 | Build | Blacksmith |
| 22:05 | Create | Villager (Male) |
| 22:06 | Create | Villager (Male) |
| 22:42 | Research | Castle Age |
| 22:58 | Build | Market |
| 23:20 | Build | Mining Camp |
| 23:27 | Create | Villager (Male) |
| 23:28 | Create | Villager (Male) |
| 23:55 | Build | Farm |
| 24:14 | Build | Farm |
| 24:20 | Build | Farm |
| 24:25 | Build | Farm |
| 24:29 | Build | Farm |
| 24:38 | Research | Fletching |
| 24:39 | Research | Padded Archer Armor |
| 24:40 | Research | Scale Mail Armor |
| 24:41 | Research | Forging |
| 25:01 | Build | Farm |
| 25:18 | Build | Farm |
| 25:27 | Build | Farm |
| 25:35 | Age | Castle Age |
| 25:42 | Research | Hand Cart |
| 25:56 | Build | House |
| 25:59 | Build | House |
| 26:05 | Build | House |
| 26:09 | Build | House |
| 26:12 | Build | House |
| 26:17 | Create | Villager (Male) |
| 27:31 | Create | Villager (Male) |
| 27:34 | Research | Heavy Plow |
| 27:52 | Build | House |
| 28:09 | Build | Lumber Camp |
| 28:20 | Build | Farm |
| 28:23 | Create | Villager (Male) |
| 28:46 | Research | Bow Saw |
| 29:15 | Create | Trade Cart |
| 29:16 | Research | Caravan |
| 29:22 | Create | Trade Cart |
| 29:22 | Create | Trade Cart |
| 30:11 | Create | Villager (Male) |
| 30:46 | Build | Castle |
| 31:08 | Build | Archery Range |
| 31:19 | Research | Leather Archer Armor |
| 31:19 | Research | Bodkin Arrow |
| 31:20 | Research | Iron Casting |
| 31:20 | Research | Chain Mail Armor |
| 31:48 | Research | Thumb Ring |
| 31:49 | Research | Crossbowman (upgrade) |
| 31:53 | Create | Archer |
| 31:54 | Create | Archer |
| 31:55 | Create | Archer |
| 31:55 | Create | Archer |
| 31:57 | Create | Archer |
| 32:09 | Create | Archer |
| 32:10 | Create | Archer |
| 32:30 | Create | Archer |
| 32:41 | Create | Villager (Male) |
| 32:41 | Create | Villager (Male) |
| 32:55 | Build | Farm |
| 34:10 | Create | Villager (Male) |
| 34:10 | Create | Villager (Male) |
| 34:30 | Build | University |
| 34:36 | Create | Archer |
| 34:36 | Create | Archer |
| 34:37 | Create | Archer |
| 34:37 | Create | Archer |
| 34:38 | Create | Archer |
| 34:38 | Create | Archer |
| 34:38 | Create | Archer |
| 34:39 | Create | Archer |
| 34:40 | Create | Archer |
| 34:40 | Create | Archer |
| 34:40 | Create | Archer |
| 34:40 | Create | Archer |
| 34:41 | Create | Archer |
| 34:41 | Create | Archer |
| 34:41 | Create | Archer |
Build order — Grisou
First 150 of 488 actions detected
| 0:06 | Research | Loom |
| 0:27 | Build | Palisade Wall |
| 2:25 | Create | Villager (Male) |
| 2:27 | Create | Villager (Male) |
| 3:33 | Create | Villager (Male) |
| 3:33 | Create | Villager (Male) |
| 3:46 | Create | Villager (Male) |
| 4:18 | Create | Villager (Male) |
| 4:40 | Create | Villager (Male) |
| 4:54 | Build | House |
| 5:05 | Create | Villager (Male) |
| 5:22 | Build | House |
| 5:23 | Build | House |
| 5:40 | Create | Villager (Male) |
| 5:41 | Create | Villager (Male) |
| 6:40 | Create | Villager (Male) |
| 7:07 | Create | Villager (Male) |
| 7:46 | Build | Mill |
| 8:39 | Build | Lumber Camp |
| 8:49 | Create | Villager (Male) |
| 8:50 | Create | Villager (Male) |
| 9:54 | Research | Feudal Age |
| 10:14 | Build | Mining Camp |
| 11:42 | Create | Villager (Male) |
| 12:04 | Age | Feudal Age |
| 12:07 | Research | Wheelbarrow |
| 12:29 | Build | Market |
| 12:40 | Create | Villager (Male) |
| 12:40 | Create | Villager (Male) |
| 12:41 | Create | Villager (Male) |
| 12:44 | Research | Horse Collar |
| 12:50 | Research | Double-Bit Axe |
| 13:01 | Research | Gold Mining |
| 13:29 | Build | Farm |
| 13:36 | Build | Farm |
| 13:48 | Create | Villager (Male) |
| 13:49 | Create | Villager (Male) |
| 14:23 | Build | Farm |
| 15:00 | Build | Stone Wall |
| 15:06 | Build | Gate |
| 15:32 | Build | Farm |
| 15:42 | Build | Farm |
| 15:56 | Build | Farm |
| 16:02 | Create | Villager (Male) |
| 16:03 | Create | Villager (Male) |
| 16:03 | Create | Villager (Male) |
| 16:04 | Create | Villager (Male) |
| 16:05 | Create | Villager (Male) |
| 16:34 | Build | House |
| 16:36 | Build | House |
| 16:37 | Build | House |
| 16:39 | Build | House |
| 16:51 | Create | Villager (Male) |
| 16:52 | Create | Villager (Male) |
| 17:02 | Build | Farm |
| 17:19 | Research | Stone Mining |
| 18:00 | Build | Barracks |
| 18:14 | Build | Blacksmith |
| 18:32 | Build | Barracks |
| 18:43 | Build | House |
| 18:54 | Build | Farm |
| 19:11 | Build | Barracks |
| 19:19 | Build | House |
| 19:27 | Create | Trade Cart |
| 19:28 | Create | Trade Cart |
| 19:30 | Create | Trade Cart |
| 19:35 | Create | Villager (Male) |
| 19:35 | Create | Villager (Male) |
| 19:35 | Create | Villager (Male) |
| 19:36 | Create | Villager (Male) |
| 19:36 | Create | Villager (Male) |
| 19:36 | Create | Villager (Male) |
| 19:44 | Build | Mining Camp |
| 20:05 | Build | Farm |
| 20:11 | Build | Farm |
| 20:21 | Build | House |
| 20:22 | Build | House |
| 20:25 | Build | House |
| 20:26 | Build | House |
| 20:27 | Build | House |
| 20:39 | Build | Archery Range |
| 20:42 | Build | Archery Range |
| 21:09 | Build | Lumber Camp |
| 21:42 | Create | Villager (Male) |
| 21:42 | Create | Villager (Male) |
| 21:43 | Create | Villager (Male) |
| 21:44 | Create | Villager (Male) |
| 22:04 | Build | Farm |
| 22:15 | Build | Farm |
| 22:33 | Build | Farm |
| 23:19 | Research | Castle Age |
| 23:32 | Build | House |
| 23:33 | Build | House |
| 23:35 | Build | House |
| 23:37 | Build | House |
| 23:39 | Build | House |
| 23:42 | Build | House |
| 23:44 | Build | House |
| 23:47 | Build | House |
| 23:49 | Build | House |
| 23:50 | Build | House |
| 23:52 | Build | House |
| 25:05 | Create | Villager (Male) |
| 25:05 | Create | Villager (Male) |
| 25:05 | Create | Villager (Male) |
| 25:05 | Create | Villager (Male) |
| 25:06 | Create | Villager (Male) |
| 25:06 | Create | Villager (Male) |
| 25:06 | Create | Villager (Male) |
| 25:59 | Age | Castle Age |
| 26:21 | Build | Castle |
| 26:28 | Research | Arson |
| 26:29 | Create | Fire Lancer |
| 26:29 | Create | Fire Lancer |
| 26:36 | Research | Padded Archer Armor |
| 26:36 | Research | Fletching |
| 26:37 | Research | Forging |
| 26:37 | Research | Scale Mail Armor |
| 26:44 | Research | Crossbowman (upgrade) |
| 26:58 | Build | House |
| 27:13 | Build | Town Center |
| 27:31 | Research | Gold Shaft Mining |
| 27:44 | Build | Mining Camp |
| 27:55 | Research | Heavy Plow |
| 28:07 | Create | Trade Cart |
| 28:07 | Create | Trade Cart |
| 28:12 | Create | Trade Cart |
| 28:17 | Research | Caravan |
| 28:42 | Build | University |
| 28:53 | Build | Monastery |
| 29:27 | Create | Villager (Male) |
| 29:28 | Create | Villager (Male) |
| 29:28 | Create | Villager (Male) |
| 29:28 | Create | Villager (Male) |
| 29:28 | Create | Villager (Male) |
| 29:29 | Create | Villager (Male) |
| 29:34 | Research | Hand Cart |
| 29:47 | Build | Farm |
| 29:53 | Build | Farm |
| 29:59 | Build | Farm |
| 30:02 | Create | Villager (Male) |
| 30:03 | Create | Villager (Male) |
| 30:33 | Create | Chu Ko Nu |
| 30:33 | Create | Chu Ko Nu |
| 30:35 | Create | Chu Ko Nu |
| 30:35 | Create | Chu Ko Nu |
| 30:45 | Build | Farm |
| 30:53 | Build | Farm |
| 31:01 | Build | Farm |
| 31:08 | Research | Bow Saw |
Build order — lopez.miguel2908
First 150 of 388 actions detected
| 0:03 | Create | Villager (Male) |
| 0:03 | Create | Villager (Male) |
| 0:04 | Create | Villager (Male) |
| 0:05 | Build | House |
| 0:08 | Build | House |
| 0:13 | Create | Villager (Male) |
| 0:13 | Create | Villager (Male) |
| 1:31 | Create | Villager (Male) |
| 2:04 | Create | Villager (Male) |
| 2:04 | Create | Villager (Male) |
| 2:05 | Create | Villager (Male) |
| 2:29 | Build | Palisade Wall |
| 2:32 | Build | Palisade Gate |
| 2:41 | Create | Villager (Male) |
| 2:42 | Create | Villager (Male) |
| 3:09 | Build | House |
| 3:18 | Build | Lumber Camp |
| 3:20 | Create | Villager (Male) |
| 3:20 | Create | Villager (Male) |
| 3:29 | Create | Villager (Male) |
| 3:29 | Create | Villager (Male) |
| 4:04 | Create | Villager (Male) |
| 4:04 | Create | Villager (Male) |
| 4:20 | Build | House |
| 4:24 | Create | Villager (Male) |
| 4:24 | Create | Villager (Male) |
| 4:25 | Create | Villager (Male) |
| 5:19 | Create | Villager (Male) |
| 5:20 | Create | Villager (Male) |
| 5:50 | Create | Villager (Male) |
| 5:50 | Create | Villager (Male) |
| 6:17 | Build | House |
| 6:18 | Create | Villager (Male) |
| 7:02 | Create | Villager (Male) |
| 7:03 | Create | Villager (Male) |
| 7:18 | Create | Villager (Male) |
| 7:18 | Create | Villager (Male) |
| 7:37 | Create | Villager (Male) |
| 7:38 | Create | Villager (Male) |
| 7:38 | Create | Villager (Male) |
| 7:39 | Create | Villager (Male) |
| 7:57 | Build | Mill |
| 8:25 | Build | Lumber Camp |
| 8:28 | Create | Villager (Male) |
| 8:45 | Build | House |
| 8:46 | Create | Villager (Male) |
| 8:47 | Create | Villager (Male) |
| 9:13 | Research | Feudal Age |
| 9:23 | Build | House |
| 9:37 | Build | Mining Camp |
| 10:32 | Create | Villager (Male) |
| 10:33 | Create | Villager (Male) |
| 11:13 | Build | Farm |
| 11:13 | Build | Farm |
| 11:14 | Build | Farm |
| 11:14 | Build | Farm |
| 11:14 | Build | Farm |
| 11:14 | Build | Farm |
| 11:15 | Build | Farm |
| 11:15 | Build | Farm |
| 11:15 | Build | Farm |
| 11:15 | Build | Farm |
| 11:23 | Age | Feudal Age |
| 11:41 | Create | Villager (Male) |
| 11:48 | Research | Stone Mining |
| 12:21 | Build | Stone Wall |
| 12:25 | Build | Gate |
| 12:34 | Create | Villager (Male) |
| 12:35 | Create | Villager (Male) |
| 12:42 | Build | Market |
| 12:53 | Build | Blacksmith |
| 13:00 | Create | Villager (Male) |
| 13:02 | Create | Villager (Male) |
| 13:25 | Build | Watch Tower |
| 13:40 | Create | Villager (Male) |
| 13:41 | Create | Villager (Male) |
| 13:58 | Build | Farm |
| 13:58 | Build | Farm |
| 13:58 | Build | Farm |
| 13:59 | Build | Farm |
| 13:59 | Build | Farm |
| 13:59 | Build | Farm |
| 14:05 | Create | Villager (Male) |
| 14:06 | Create | Villager (Male) |
| 14:06 | Create | Villager (Male) |
| 14:19 | Build | Mining Camp |
| 14:33 | Research | Horse Collar |
| 14:33 | Research | Horse Collar |
| 15:03 | Build | Barracks |
| 15:09 | Create | Villager (Male) |
| 15:09 | Create | Villager (Male) |
| 15:15 | Build | Farm |
| 15:15 | Build | Farm |
| 15:15 | Build | Farm |
| 15:16 | Build | Farm |
| 15:16 | Build | Farm |
| 15:30 | Create | Villager (Male) |
| 15:30 | Create | Villager (Male) |
| 15:50 | Create | Villager (Male) |
| 15:50 | Create | Villager (Male) |
| 16:02 | Build | House |
| 16:09 | Research | Loom |
| 16:11 | Create | Villager (Male) |
| 16:11 | Create | Villager (Male) |
| 16:25 | Create | Spearman |
| 16:25 | Create | Spearman |
| 16:26 | Create | Spearman |
| 16:39 | Research | Forging |
| 18:02 | Build | Stone Wall |
| 18:27 | Build | Stone Wall |
| 18:35 | Create | Villager (Male) |
| 18:36 | Create | Villager (Male) |
| 18:36 | Create | Villager (Male) |
| 18:36 | Create | Villager (Male) |
| 18:39 | Build | House |
| 18:47 | Research | Wheelbarrow |
| 18:49 | Create | Villager (Male) |
| 18:49 | Create | Villager (Male) |
| 18:49 | Create | Villager (Male) |
| 18:54 | Create | Villager (Male) |
| 18:55 | Create | Villager (Male) |
| 18:55 | Create | Villager (Male) |
| 18:55 | Create | Villager (Male) |
| 19:18 | Create | Villager (Male) |
| 19:18 | Create | Villager (Male) |
| 19:33 | Build | Mill |
| 19:34 | Build | Farm |
| 19:34 | Build | Farm |
| 19:35 | Build | Farm |
| 19:35 | Build | Farm |
| 19:35 | Build | Farm |
| 19:35 | Build | Farm |
| 19:36 | Build | Farm |
| 19:36 | Build | Farm |
| 19:36 | Build | Farm |
| 19:47 | Create | Villager (Male) |
| 19:48 | Create | Villager (Male) |
| 19:48 | Create | Villager (Male) |
| 20:22 | Build | Stone Wall |
| 20:47 | Research | Castle Age |
| 20:48 | Research | Castle Age |
| 20:58 | Create | Spearman |
| 20:58 | Create | Spearman |
| 21:03 | Build | Farm |
| 21:04 | Build | Farm |
| 21:04 | Build | Farm |
| 21:04 | Build | Farm |
| 21:04 | Build | Farm |
| 21:47 | Build | Stone Wall |
| 21:54 | Create | Villager (Male) |
Build order — Oura
First 150 of 278 actions detected
| 0:02 | Create | Villager (Male) ×4 |
| 0:07 | Build | House |
| 0:08 | Build | House |
| 0:09 | Build | House |
| 0:10 | Build | House |
| 1:27 | Create | Villager (Male) |
| 2:03 | Build | Lumber Camp |
| 2:18 | Create | Villager (Male) |
| 2:19 | Create | Villager (Male) |
| 2:48 | Create | Villager (Male) |
| 2:48 | Create | Villager (Male) |
| 3:31 | Create | Villager (Male) |
| 3:32 | Create | Villager (Male) |
| 3:51 | Create | Villager (Male) |
| 3:51 | Create | Villager (Male) |
| 4:17 | Create | Villager (Male) |
| 4:39 | Create | Villager (Male) |
| 5:04 | Create | Villager (Male) |
| 5:04 | Create | Villager (Male) |
| 5:51 | Create | Villager (Male) |
| 5:51 | Create | Villager (Male) |
| 6:28 | Build | Mill |
| 6:31 | Create | Villager (Male) |
| 6:32 | Create | Villager (Male) |
| 7:50 | Build | Mining Camp |
| 7:54 | Create | Villager (Male) |
| 7:54 | Create | Villager (Male) |
| 8:49 | Build | Mining Camp |
| 9:08 | Research | Feudal Age |
| 9:13 | Build | Farm |
| 9:14 | Build | Farm |
| 9:15 | Build | Farm |
| 9:16 | Build | Farm |
| 9:17 | Build | Farm |
| 9:19 | Build | Farm |
| 9:20 | Build | Farm |
| 9:21 | Build | Farm |
| 9:42 | Build | House |
| 9:43 | Build | House |
| 9:44 | Build | House |
| 9:48 | Build | House |
| 10:00 | Build | House |
| 10:56 | Build | House |
| 10:57 | Build | House |
| 11:09 | Create | Villager (Male) |
| 11:10 | Create | Villager (Male) |
| 11:18 | Age | Feudal Age |
| 11:19 | Research | Double-Bit Axe |
| 11:24 | Research | Horse Collar |
| 11:50 | Create | Villager (Male) |
| 12:26 | Build | Lumber Camp |
| 12:31 | Create | Villager (Male) |
| 12:31 | Create | Villager (Male) |
| 12:33 | Research | Stone Mining |
| 12:53 | Research | Gold Mining |
| 13:20 | Create | Villager (Male) |
| 13:20 | Create | Villager (Male) |
| 13:20 | Create | Villager (Male) |
| 13:47 | Build | Blacksmith |
| 14:19 | Build | Market |
| 14:23 | Create | Villager (Male) |
| 14:23 | Create | Villager (Male) |
| 14:24 | Create | Villager (Male) |
| 15:18 | Build | Stone Wall |
| 15:22 | Build | Gate |
| 15:57 | Build | Mining Camp |
| 16:08 | Build | Farm |
| 16:08 | Build | Farm |
| 16:09 | Build | Farm |
| 16:10 | Build | Farm |
| 16:12 | Build | Farm |
| 16:12 | Build | Farm |
| 16:14 | Build | Farm |
| 16:15 | Build | Farm |
| 16:18 | Research | Castle Age |
| 16:57 | Create | Villager (Male) |
| 16:57 | Create | Villager (Male) |
| 18:23 | Build | Barracks |
| 18:58 | Age | Castle Age |
| 19:10 | Build | Castle |
| 19:31 | Create | Villager (Male) |
| 19:31 | Create | Villager (Male) |
| 19:31 | Create | Villager (Male) |
| 20:18 | Create | Longbowman ×5 |
| 20:33 | Research | Padded Archer Armor |
| 20:33 | Research | Fletching |
| 20:37 | Research | Gold Shaft Mining |
| 20:49 | Build | Town Center |
| 20:52 | Create | Villager (Male) |
| 20:53 | Create | Villager (Male) |
| 21:37 | Research | Squires |
| 21:37 | Research | Pikeman (upgrade) |
| 21:41 | Research | Leather Archer Armor |
| 21:49 | Create | Villager (Male) |
| 22:06 | Build | Farm |
| 22:07 | Build | Farm |
| 22:08 | Build | Farm |
| 22:24 | Research | Scale Mail Armor |
| 22:30 | Create | Villager (Male) |
| 22:30 | Create | Villager (Male) |
| 22:51 | Create | Villager (Male) ×2 |
| 23:00 | Build | Farm |
| 23:06 | Build | Farm |
| 23:21 | Build | Farm |
| 23:26 | Create | Villager (Male) |
| 23:27 | Create | Villager (Male) |
| 23:27 | Create | Villager (Male) |
| 23:27 | Create | Villager (Male) |
| 23:40 | Create | Villager (Male) |
| 23:40 | Create | Villager (Male) |
| 23:46 | Build | Farm |
| 23:50 | Create | Villager (Male) |
| 24:15 | Research | Forging |
| 24:40 | Build | Mill |
| 24:44 | Create | Villager (Male) |
| 24:44 | Create | Villager (Male) |
| 24:45 | Create | Villager (Male) |
| 24:49 | Create | Villager (Male) |
| 24:50 | Create | Villager (Male) |
| 24:50 | Create | Villager (Male) |
| 25:05 | Research | Bow Saw |
| 25:06 | Research | Bow Saw |
| 25:20 | Build | University |
| 25:31 | Build | Farm |
| 25:31 | Build | Farm |
| 25:32 | Build | Farm |
| 25:37 | Build | Farm |
| 25:44 | Create | Villager (Male) |
| 25:44 | Create | Villager (Male) |
| 25:46 | Create | Villager (Male) |
| 25:46 | Create | Villager (Male) |
| 25:52 | Build | Farm |
| 26:03 | Research | Bodkin Arrow |
| 26:59 | Create | Villager (Male) |
| 26:59 | Create | Villager (Male) |
| 27:13 | Build | Farm |
| 27:18 | Build | Farm |
| 27:26 | Build | Mill |
| 27:34 | Build | Farm |
| 27:36 | Build | Farm |
| 27:41 | Build | Farm |
| 27:44 | Build | Farm |
| 27:47 | Build | Farm |
| 27:51 | Build | Farm |
| 27:54 | Build | Farm |
| 28:03 | Research | Ballistics |
| 28:09 | Create | Villager (Male) |
| 28:09 | Create | Villager (Male) |
| 28:10 | Create | Villager (Male) |
| 28:10 | Create | Villager (Male) |
Match timeline
| 0:27 | Grisou · wall_segment Palisade Wall x13 |
| 1:07 | Lanyco · wall_segment Palisade Wall x21 |
| 2:29 | lopez.miguel2908 · wall_segment Palisade Wall x10 |
| 8:00 | joy · first_building Dock |
| 10:27 | joy · age_up feudal |
| 11:18 | Oura · age_up feudal |
| 11:23 | lopez.miguel2908 · age_up feudal |
| 12:04 | Grisou · age_up feudal |
| 12:21 | lopez.miguel2908 · wall_segment Stone Wall x9 |
| 12:51 | Lanyco · age_up feudal |
| 14:32 | Lanyco · wall_segment Stone Wall x7 |
| 15:00 | Grisou · wall_segment Stone Wall x14 |
| 15:03 | lopez.miguel2908 · first_building Barracks |
| 15:18 | Oura · wall_segment Stone Wall x20 |
| 15:34 | Tosti133 · age_up feudal |
| 17:22 | Tosti133 · first_building Barracks |
| 18:00 | Grisou · first_building Barracks |
| 18:02 | lopez.miguel2908 · wall_segment Stone Wall x12 |
| 18:23 | Oura · first_building Barracks |
| 18:25 | Tosti133 · first_building Archery Range |
| 18:27 | lopez.miguel2908 · wall_segment Stone Wall x7 |
| 18:58 | Oura · age_up castle |
| 19:10 | Oura · first_building Castle |
| 19:13 | joy · first_building Barracks |
| 19:41 | Tosti133 · wall_segment Stone Wall x15 |
| 20:22 | lopez.miguel2908 · wall_segment Stone Wall x7 |
| 20:39 | Grisou · first_building Archery Range |
| 21:47 | lopez.miguel2908 · wall_segment Stone Wall x7 |
| 22:34 | joy · age_up castle |
| 22:42 | Lanyco · age_up castle |
| 23:27 | lopez.miguel2908 · age_up castle |
| 24:28 | Lanyco · first_building Castle |
| 24:53 | joy · first_building Castle |
| 25:25 | lopez.miguel2908 · first_market_buy 100 stone |
| 25:35 | Tosti133 · age_up castle |
| 25:40 | lopez.miguel2908 · first_building Castle |
| 25:59 | Grisou · age_up castle |
| 26:21 | Grisou · first_building Castle |
| 27:36 | lopez.miguel2908 · first_building Monastery |
| 28:30 | joy · first_building Monastery |
| 28:53 | Grisou · first_building Monastery |
| 29:13 | Tosti133 · first_market_sell 100 wood |
| 29:26 | Lanyco · wall_segment Palisade Wall x9 |
| 30:46 | Tosti133 · first_building Castle |
| 31:34 | joy · first_building Siege Workshop |
| 31:53 | Oura · age_up imperial |
| 32:52 | Grisou · first_building Siege Workshop |
| 33:01 | Lanyco · age_up imperial |
| 33:43 | lopez.miguel2908 · age_up imperial |
| 33:59 | joy · age_up imperial |
| 35:09 | Tosti133 · first_building Siege Workshop |
| 36:20 | Grisou · age_up imperial |
| 36:24 | Tosti133 · first_building Monastery |
| 36:53 | lopez.miguel2908 · first_building Stable |
| 37:02 | lopez.miguel2908 · first_building Archery Range |
| 38:17 | lopez.miguel2908 · wall_segment Stone Wall x9 |
| 39:15 | Tosti133 · age_up imperial |
| 39:50 | Lanyco · wall_segment Palisade Wall x7 |
| 40:07 | Lanyco · wall_segment Palisade Wall x7 |
| 41:10 | lopez.miguel2908 · wall_segment Stone Wall x17 |
| 44:17 | Oura · first_building Archery Range |
| 45:14 | Tosti133 · wall_segment Stone Wall x10 |
| 46:32 | lopez.miguel2908 · resign |
| 47:23 | Lanyco · first_market_buy 100 stone |
| 49:28 | Tosti133 · wall_segment Stone Wall x12 |
| 49:42 | Tosti133 · wall_segment Stone Wall x11 |
| 49:59 | Tosti133 · wall_segment Stone Wall x12 |
| 50:07 | Tosti133 · wall_segment Stone Wall x1 |
| 57:30 | Lanyco · first_market_sell 500 food |
| 58:44 | Oura · first_market_buy 100 stone |
[ AI ANALYSIS · 1 CREDIT ]
What really happened in this match?
Wolo.gg analyzes every decision: build order, eco, micro, common mistakes by bracket. Personalized analysis on WhatsApp or Discord in 30 seconds.
Civ guide
Turks
Perfil
Jugador #23735356